Map: Heavy Artillery LE

Players

KRrum - Winner!

  • Race: Terran Terran
  • League: Platinum
  • Spawn Location: 3:00

Revelation - Winner!

  • Race: Zerg Zerg
  • League: Diamond
  • Spawn Location: 1:00

Krolon

  • Race: Terran Terran
  • Spawn Location: 7:00

BronekPL

  • Race: Protoss Protoss
  • Spawn Location: 7:00

VOD

Have the link to the VOD?

Description

Time

  • Played on: July 29, 2022, 6:53 a.m.
  • Length: 9:46
Show
View Real Time Build Order
Export as new Build Order

KRrum Terran - Winner!

Build Orders:  

Get SALT Encoding   

  12  0:00  SCV  
  13  0:12  SCV  
  14  0:25  Supply Depot, SCV  
  15  0:46  SCV  
  15  0:48  Barracks  
  16  0:51  Refinery  
  16  0:59  SCV  
  17  1:11  SCV  
  19  1:35  Orbital Command  
  19  1:36  Barracks  
  19  1:37  Supply Depot  
  18  1:51  Reaper  
  19  1:59  Refinery  
  19  2:00  SCV, Barracks  
  20  2:12  SCV  
  20  2:13  Supply Depot  
  21  2:23  Reaper  
  21  2:24  SCV  
  21  2:27  Reaper  
  24  2:37  SCV, Supply Depot  
  25  2:48  Reaper  
  25  2:49  SCV  
  27  2:55  Reaper  
  28  2:59  Reaper  
  28  3:01  SCV  
  30  3:20  Reaper  
  31  3:27  Reaper  
  31  3:31  Barracks, Reaper  
  31  3:33  Barracks  
  33  3:39  Command Center  
  33  3:52  Reaper  
  34  3:59  Reaper  
  35  4:03  Reaper  
  33  4:24  Reaper  
  33  4:28  Reaper x2  
  36  4:31  Reaper  
  36  4:33  Supply Depot  
  36  4:35  Reaper  
  38  4:42  SCV  
  39  4:56  Reaper  
  38  5:12  Orbital Command  
  38  5:24  Barracks Reactor  
  38  5:25  Barracks Reactor  
  37  5:31  Barracks Tech Lab  
  37  5:39  SCV  
  37  5:40  Orbital Command  
  38  5:48  Factory  
  38  5:51  SCV  
  38  5:52  Engineering Bay x2  
  39  5:59  Barracks Tech Lab  
  39  6:03  SCV, Barracks Tech Lab  
  40  6:05  Marine  
  40  6:06  Marine x4  
  40  6:08  SCV  
  46  6:13  Barracks  
  46  6:16  SCV  
  46  6:18  Combat Shield  
  47  6:20  SCV, Barracks, Stimpack  
  47  6:23  Marine x5  
  53  6:27  Marine  
  53  6:28  SCV, Marine  
  53  6:32  SCV  
  57  6:33  Starport  
  57  6:37  Refinery  
  57  6:39  Refinery  
  57  6:40  SCV  
  57  6:41  Marine x3  
  57  6:42  Terran Infantry Weapons Level 1  
  57  6:44  Terran Infantry Armor Level 1  
  57  6:45  Marine x3  
  57  6:46  Marine  
  65  6:49  SCV  
  65  6:52  SCV  
  67  6:58  Command Center  
  67  6:59  Marine x3  
  70  7:10  Supply Depot  
  70  7:11  Supply Depot  
  70  7:14  Marine x6  
  70  7:15  SCV x2  
  78  7:16  Marine  
  78  7:17  Marine x2  
  78  7:22  Supply Depot  
  78  7:25  Supply Depot  
  78  7:27  SCV  
  79  7:32  Marine x6  
  79  7:34  Marine  
  79  7:35  Supply Depot, Armory, Marine x2  
  88  7:41  Starport Reactor  
  88  7:50  Marine x6  
  94  7:52  Marine x3  
  97  8:08  Marine x6  
  97  8:09  SCV x2  
  97  8:10  Marine x3  
  108  8:21  SCV x2  
  108  8:26  Marine x6  
  116  8:28  Marine  
  116  8:33  SCV  
  118  8:35  Medivac x2  
  122  8:47  Marine x4  
  122  8:48  Marine x5  
  131  9:05  Marine  
  98  9:19  Barracks Reactor x2  
Show
View Real Time Build Order
Export as new Build Order

Revelation Zerg - Winner!

Build Orders: Hatch First 

Get SALT Encoding   

  12  0:00  Drone  
  13  0:11  Drone  
  14  0:18  Overlord  
  14  0:37  Drone x3  
  17  0:52  Hatchery  
  17  0:56  Drone  
  17  1:16  Hatchery  
  16  1:19  Drone  
  17  1:39  Hatchery  
  16  1:43  Drone  
  16  1:45  Drone  
  18  1:49  Drone  
  19  1:56  Overlord  
  19  2:08  Spawning Pool  
  18  2:10  Drone  
  18  2:15  Drone  
  20  2:18  Drone  
  20  2:21  Drone  
  22  2:26  Drone  
  22  2:27  Drone  
  22  2:29  Drone  
  25  2:37  Drone x2  
  25  2:39  Drone  
  28  2:48  Drone x2, Extractor  
  28  2:50  Drone  
  30  2:51  Drone  
  31  2:59  Queen  
  31  3:01  Queen  
  35  3:07  Drone  
  35  3:08  Drone x2  
  38  3:13  Drone x2  
  38  3:14  Overlord  
  38  3:18  Overlord  
  40  3:28  Overlord  
  40  3:33  Drone  
  43  3:34  Drone x6  
  43  3:41  Drone, Queen  
  49  3:42  Drone  
  49  3:43  Drone  
  49  3:46  Overlord  
  52  3:49  Overlord  
  52  3:52  Drone  
  52  3:53  Drone  
  52  3:54  Drone  
  55  3:57  Drone  
  56  4:04  Queen  
  58  4:10  Drone x4  
  58  4:12  Overlord x2  
  58  4:13  Drone x3  
  65  4:21  Lair  
  65  4:25  Drone x5  
  65  4:31  Drone x4  
  73  4:38  Extractor  
  73  4:40  Drone x3  
  73  4:41  Drone  
  77  4:46  Overlord x2  
  77  4:47  Overlord  
  77  4:51  Drone x3  
  77  4:52  Drone  
  81  4:54  Drone x5  
  81  4:55  Drone  
  81  4:59  Extractor  
  86  5:01  Extractor  
  86  5:02  Extractor  
  86  5:03  Extractor  
  86  5:04  Extractor  
  86  5:05  Extractor  
  81  5:08  Drone x4  
  85  5:31  Drone x6  
  85  5:35  Spire  
  90  5:59  Hatchery  
  89  6:12  Drone  
  89  6:14  Drone x2  
  89  6:15  Drone  
  89  6:17  Drone x2  
  89  6:18  Drone  
  96  6:27  Overseer  
  96  6:28  Overseer  
  96  6:29  Pneumatized Carapace  
  96  6:47  Mutalisk x5  
  96  6:48  Mutalisk x7  
  96  6:51  Overlord x6  
  96  6:53  Zerg Flyer Weapons Level 1  
  120  7:02  Overlord x3  
  120  7:09  Mutalisk  
  120  7:12  Mutalisk  
  120  7:13  Mutalisk x4  
  132  7:22  Mutalisk x2  
  134  7:24  Overlord x2  
  136  7:33  Mutalisk x3  
  142  7:37  Mutalisk  
  142  7:40  Overlord x2  
  144  7:48  Mutalisk x2  
  144  7:51  Zergling x18  
  149  7:52  Metabolic Boost  
  155  8:11  Mutalisk x4  
  159  8:37  Mutalisk  
  159  8:38  Mutalisk x10  
  173  9:02  Mutalisk  
  171  9:03  Mutalisk x6  
Show
View Real Time Build Order
Export as new Build Order

Krolon Terran 

Build Orders:  

Get SALT Encoding   

  12  0:05  SCV  
  13  0:16  Supply Depot  
  13  0:17  SCV  
  14  0:32  SCV  
  15  0:39  Barracks  
  15  0:44  SCV  
  16  0:53  Refinery  
  16  0:56  SCV  
  17  1:08  SCV  
  18  1:21  SCV  
  19  1:27  Marine  
  19  1:28  Supply Depot  
  20  1:35  Orbital Command  
  20  1:42  Refinery  
  20  1:52  Barracks Reactor  
  20  1:57  Command Center  
  20  2:02  SCV  
  21  2:14  SCV  
  22  2:18  Factory  
  22  2:27  SCV  
  22  2:28  Marine x2  
  25  2:39  SCV  
  26  2:46  Marine x2  
  26  2:51  SCV  
  29  2:59  Barracks  
  29  3:02  Factory Tech Lab  
  29  3:03  SCV  
  30  3:13  Supply Depot  
  30  3:15  SCV x2  
  32  3:20  Marine x2  
  35  3:27  SCV x2  
  35  3:28  Siege Tank  
  39  3:38  Starport  
  39  3:39  SCV x2  
  39  3:41  Marine x2  
  42  3:51  SCV x2  
  42  3:59  Marine x2  
  43  4:03  SCV x2  
  44  4:16  Marine  
  44  4:17  Barracks Tech Lab, Marine  
  44  4:20  Siege Tank  
  44  4:21  Medivac  
  50  4:29  Engineering Bay  
  50  4:30  SCV  
  51  4:32  SCV, Engineering Bay  
  51  4:34  Marine x2  
  54  4:39  Stimpack  
  54  4:43  Supply Depot  
  54  4:47  Supply Depot  
  54  5:00  Terran Infantry Weapons Level 1  
  54  5:05  SCV x2, Medivac, Marine x3  
  61  5:07  Supply Depot  
  61  5:08  Refinery  
  61  5:10  Supply Depot  
  61  5:11  Refinery  
  61  5:13  Terran Infantry Armor Level 1  
  61  5:17  SCV x2  
  63  5:29  SCV  
  63  5:32  Armory, Marine x2  
  63  5:34  Marine  
  67  5:38  SCV  
  67  5:41  SCV  
  69  5:48  Sensor Tower  
  69  5:50  SCV  
  69  5:52  Marine  
  69  5:53  SCV, Marine  
  69  5:54  Marine  
  74  6:02  SCV  
  75  6:10  Marine  
  76  6:11  Marine x2  
  76  6:13  Siege Tank  
  76  6:16  SCV  
  82  6:25  Barracks  
  82  6:28  SCV, Marine  
  82  6:29  Marine x2  
  86  6:45  Supply Depot  
  86  6:49  Supply Depot  
  86  6:52  Orbital Command  
  86  6:53  Command Center  
  86  7:01  Terran Infantry Weapons Level 2  
  86  7:07  SCV, Marine  
  88  7:19  SCV  
  89  7:25  Marine  
  89  7:27  Sensor Tower  
  90  7:36  Marine x2  
  90  7:37  Marine  
  83  7:49  Marine  
  84  7:54  Marine x3  
  84  7:56  Missile Turret  
  86  7:59  Missile Turret  
  86  8:07  Marine  
  86  8:12  Marine x3  
  87  8:13  SCV  
  87  8:18  Supply Depot  
  89  8:24  Marine  
  89  8:25  SCV  
  91  8:30  Marine x3  
  91  8:31  Missile Turret  
  94  8:34  SCV  
  94  8:42  Marine  
  94  8:47  SCV  
  94  8:48  Marine x3  
  98  8:51  Viking  
  99  8:59  SCV  
  99  9:00  Marine  
  100  9:03  Supply Depot  
  100  9:04  Supply Depot  
  100  9:05  Marine  
  100  9:06  Supply Depot, Marine x2  
  100  9:07  Supply Depot  
  65  9:18  Marine  
  65  9:23  Marine x2  
Show
View Real Time Build Order
Export as new Build Order

BronekPL Protoss 

Build Orders:  

Get SALT Encoding   

  12  0:15  Probe (Chrono Boost)  
  13  0:21  Pylon  
  13  0:28  Probe (Chrono Boost)  
  15  0:36  Probe (Chrono Boost)  
  15  0:41  Gateway  
  15  0:42  Probe  
  16  0:54  Probe  
  16  0:55  Assimilator  
  17  1:00  Assimilator  
  17  1:06  Probe  
  18  1:11  Pylon  
  19  1:18  Probe  
  19  1:29  Cybernetics Core  
  19  1:30  Probe (Chrono Boost)  
  20  1:42  Probe (Chrono Boost)  
  23  1:48  Probe (Chrono Boost)  
  24  1:58  Probe  
  25  2:06  Stalker  
  25  2:14  Nexus  
  25  2:16  Probe (Chrono Boost)  
  25  2:21  Warp Gate  
  26  2:26  Probe (Chrono Boost)  
  26  2:28  Pylon  
  27  2:31  Probe (Chrono Boost)  
  28  2:42  Probe  
  28  2:44  Stalker  
  31  2:54  Probe  
  32  2:59  Forge  
  32  3:03  Pylon  
  32  3:06  Probe  
  33  3:14  Stalker  
  35  3:27  Gateway  
  35  3:30  Robotics Facility  
  35  3:32  Protoss Ground Weapons Level 1  
  35  3:38  Probe (Chrono Boost)  
  37  3:42  Probe (Chrono Boost)  
  38  3:49  Stalker, Probe (Chrono Boost)  
  38  3:53  Probe (Chrono Boost)  
  41  4:01  Photon Cannon  
  41  4:25  Stalker  
  41  4:27  Stalker  
  45  4:31  Probe x2  
  45  4:38  Assimilator  
  47  4:42  Assimilator  
  47  4:43  Observer, Probe x2  
  50  4:50  Pylon  
  50  4:54  Pylon  
  50  4:56  Probe x2 (Chrono Boost)  
  50  4:59  Pylon  
  52  5:02  Pylon  
  52  5:08  Probe x2 (Chrono Boost)  
  54  5:15  Probe x2 (Chrono Boost)  
  56  5:22  Probe x2  
  58  5:31  Stalker x2  
  58  5:34  Probe x2  
  58  5:35  Immortal  
  68  5:41  Protoss Ground Armor Level 1, Gateway  
  68  5:44  Gateway  
  68  5:49  Twilight Council  
  68  6:06  Stalker x2  
  72  6:14  Immortal  
  76  6:37  Blink  
  76  6:45  Stalker x2  
  76  6:46  Stalker x2  
  84  6:53  Immortal  
  88  7:12  Nexus  
  88  7:14  Pylon  
  88  7:17  Pylon  
  88  7:19  Pylon  
  88  7:20  Gateway  
  88  7:22  Gateway  
  88  7:26  Gateway  
  88  7:29  Gateway  
  88  8:04  Stalker x3  
  88  8:05  Stalker  
  94  8:26  Stalker x4  
Tags
 
Add a new tag
Caveats
  • Supply blocks, unpowered buildings, or Contaminate may cause inaccurate times.
  • Supply counts are checked every 10 seconds.